 Dungeon Crawl Stone Soup version 0.25.1-2-g60ff931df9 (webtiles) character file.

Game seed: 1428445560145372599

4452 aterjum the Cruncher (level 10, -3/86 HPs)
             Began as a Minotaur Berserker on July 27, 2020.
             Was a High Priest of Trog.
             Slain by a two-headed ogre
             ... wielding a +0 giant club
              (17 damage)
             ... on level 8 of the Dungeon on Aug 1, 2020.
             The game lasted 00:36:45 (9079 turns).

aterjum the Cruncher (Minotaur Berserker)           Turns: 9079, Time: 00:36:45

Health: -3/86      AC: 12    Str: 24    XL:     10   Next: 15%
Magic:  9/9        EV: 11    Int:  4    God:    Trog [*****.]
Gold:   473        SH:  0    Dex: 11    Spells: 9/9 levels left

rFire    . . .     SeeInvis .   O - +6 battleaxe
rCold    + . .     Gourm    .   (shield currently unavailable)
rNeg     . . .     Faith    .   N - +0 chain mail
rPois    +         Spirit   .   (helmet restricted)
rElec    .         Reflect  .   u - +0 cloak {rPois}
rCorr    +         Harm     .   (no gloves)
MR       .....                  (no boots)
Stlth    ..........             (no amulet)
HPRegen  0.24/turn              d - ring of protection from cold
MPRegen  0.11/turn              b - ring of resist corrosion

@: no status effects
A: retaliatory headbutt, horns 2
a: Berserk, Trog's Hand, Brothers in Arms, Renounce Religion


You were on level 8 of the Dungeon.
You worshipped Trog.
Trog was extremely pleased with you.
You were not hungry.

You visited 1 branch of the dungeon, and saw 8 of its levels.
You also visited: Sewer.

You collected 543 gold pieces.
You spent 70 gold pieces at shops.

Inventory:

Hand Weapons
 a - a +0 hand axe
 t - a +3 quarterstaff of chaos
 D - a +0 hunting sling
 O - a +6 battleaxe (weapon)
Missiles
 e - 350 stones (quivered)
 m - 3 boomerangs of dispersal
Armour
 u - a +0 cloak of poison resistance (worn)
 N - a +0 chain mail (worn)
Jewellery
 b - a ring of resist corrosion (right hand)
 d - a ring of protection from cold (left hand)
 j - an uncursed ring of wizardry
 p - a cursed ring of teleportation {unknown}
 C - a cursed ring of teleportation {unknown}
 E - an uncursed ring of fire
 K - a +4 ring of slaying {unknown}
Wands
 x - a wand of disintegration (7)
 F - a wand of acid (19)
 I - a wand of polymorph (7)
Scrolls
 f - 4 scrolls of teleportation
 h - 7 scrolls of identify
 k - 2 scrolls of magic mapping {unknown}
 o - 2 scrolls of blinking {unknown}
 r - 7 scrolls of remove curse {unknown}
 s - a scroll of amnesia {unknown}
 y - 2 scrolls of fear {unknown}
 B - 2 scrolls of enchant weapon {unknown}
 J - a scroll of fog {unknown}
 L - a scroll of immolation {unknown}
Potions
 g - 2 potions of lignification {unknown}
 i - 4 potions of brilliance {unknown}
 l - 5 potions of haste {unknown}
 n - 3 potions of degeneration {unknown}
 q - 3 potions of resistance {unknown}
 v - a potion of ambrosia {unknown}
 w - 2 potions of might {unknown}
 z - 9 potions of curing {unknown}
 A - 3 potions of magic {unknown}
 G - a potion of mutation {unknown}
 H - 3 potions of stabbing {unknown}
 M - 3 potions of heal wounds
Comestibles
 c - 16 rations
 P - 10 chunks of flesh


   Skills:
 + Level 7.2 Fighting
 + Level 5.8 Axes
 + Level 9.8 Staves
 + Level 3.3 Throwing
 * Level 9.2 Armour
 * Level 6.7 Dodging
 + Level 2.1 Stealth


You had 9 spell levels left.
You didn't know any spells.
Your spell library was empty.

Dungeon Overview and Level Annotations

Branches:
Dungeon (8/15)             Temple (0/1) D:4           Sewer (visited)
   Lair: D:8-11

Altars:
Elyvilon
Fedhas
Kikubaaqudgha
Okawaru
Ru
Sif Muna
Trog
Wu Jian
Yredelemnul

Shops:
D:6 !   D:7 :


Innate Abilities, Weirdness & Mutations

You reflexively headbutt those who attack you in melee.
You have a pair of horns on your head.


Message History

The two-headed ogre hits you with a +0 giant club!
You slash the two-headed ogre!
The two-headed ogre is moderately wounded.
The two-headed ogre closely misses you. You furiously retaliate!
You headbutt the two-headed ogre.
The two-headed ogre hits you with a +0 giant club!
You slice the two-headed ogre!!
The two-headed ogre is almost dead.
The two-headed ogre hits you with a +0 giant club!
The two-headed ogre hits you with a +0 giant club!!
You hit the two-headed ogre.
The two-headed ogre is almost dead.
The two-headed ogre barely misses you.
The two-headed ogre hits you but does no damage.
Your chain mail prevents you from hitting the two-headed ogre.
The two-headed ogre is almost dead.
The two-headed ogre hits you with a +0 giant club!!
* * * LOW HITPOINT WARNING * * *
The two-headed ogre hits you with a +0 giant club!
You die...

#.###.######## #.##.##.#
## ##....# #.......# #.
####.# ############.####
#. #.# #....._.. ...# #.
#.# #.......###..#
#####. #.#
#..!....###..######.....
#.#
#?.......##.............
#.#
#........#.....####[....
#.# #....(O@...###.#
#####. #.# #.....(....#
.# #.
#.############..###.# #.
#...######## #......# #.
###........# #.######
###### ##..#####.###.#
#.. .. #...##........#
#.# ## #(...).##.#####
#.#### #...#####.#
#.#...


You could see a two-headed ogre.

Vanquished Creatures
  A manticore (D:8)
  Sigmund (D:2)
  A yak (D:7)
  Eustachio (D:6)
  A human (D:7)
  3 hogs (D:7)
  A hungry ghost (D:8)
  Menkaure (D:4)
  Duvessa (D:4)
  3 ice beasts (D:6)
  A swamp drake (D:4)
  An orc warrior (D:8)
  2 ogres (D:7)
  A phantom (D:4)
  3 centaurs
  3 bullfrogs
  Dowan (D:4)
  A scorpion (D:5)
  3 wights (D:8)
  2 howler monkeys (D:7)
  5 crimson imps
  2 centaur zombies (D:8)
  A quasit (D:6)
  2 jellies (D:7)
  2 bullfrog skeletons
  A centaur skeleton (D:5)
  2 orc priests (D:6)
  Crazy Yiuf (D:2)
  A hound (D:8)
  An iguana (D:8)
  6 orc wizards
  4 worker ants
  A hound skeleton (D:7)
  A worker ant zombie (D:8)
  A howler monkey skeleton (D:6)
  15 adders
  2 river rats
  2 shadow imps
  An adder skeleton (D:8)
  An adder zombie (D:6)
  4 worms
  3 dart slugs
  5 leopard geckos
  31 orcs
  9 giant cockroaches
  5 goblins
  10 hobgoblins
  14 jackals
  9 kobolds
  2 quokkas
  4 ball pythons
  9 bats
  7 frilled lizards
  A jackal skeleton (D:7)
  19 rats
  5 fungi (D:2)
  4 plants (Sewer)
225 creatures vanquished.

Vanquished Creatures (others)
  A sky beast (D:7)
1 creature vanquished.

Grand Total: 226 creatures vanquished

Notes
Turn   | Place    | Note
-------+----------+-------------------------------------------
     0 | D:1      | aterjum the Minotaur Berserker began the quest for the Orb.
     0 | D:1      | Reached XP level 1. HP: 19/19 MP: 0/0
   130 | D:1      | Reached XP level 2. HP: 27/27 MP: 1/1
   216 | D:1      | Upgraded the game from 0.25.1-1-g288607f5aa to
                  | 0.25.1-2-g60ff931df9
   971 | D:2      | Reached XP level 3. HP: 31/34 MP: 2/2
   977 | D:2      | Reached ** piety under Trog
  1261 | D:2      | Noticed Sigmund
  1270 | D:2      | Killed Sigmund
  1270 | D:2      | Reached skill level 5 in Fighting
  1270 | D:2      | Reached skill level 5 in Axes
  1270 | D:2      | Reached XP level 4. HP: 32/42 MP: 3/3
  1270 | D:2      | Reached XP level 5. HP: 37/48 MP: 4/4
  1803 | D:2      | Found a runed translucent door.
  1804 | D:2      | Noticed Crazy Yiuf
  1811 | D:2      | Killed Crazy Yiuf
  2414 | D:3      | Reached XP level 6. HP: 56/56 MP: 5/5
  2616 | D:3      | Found a glowing drain.
  2618 | D:3      | Reached *** piety under Trog
  2624 | Sewer    | Entered a sewer
  3011 | Sewer    | Reached skill level 1 in Staves
  3787 | D:3      | Found an iron altar of Okawaru.
  3787 | D:3      | Found a basalt altar of Yredelemnul.
  3797 | D:3      | Found an ornate altar of the Wu Jian Council.
  3801 | D:3      | Found a sacrificial altar of Ru.
  3803 | D:3      | Found a faded altar of an unknown god.
  4164 | D:4      | Reached skill level 5 in Armour
  4164 | D:4      | Reached XP level 7. HP: 43/61 MP: 6/6
  4297 | D:4      | Noticed Duvessa
  4297 | D:4      | Noticed Dowan
  4309 | D:4      | Killed Duvessa
  4317 | D:4      | Killed Dowan
  4652 | D:4      | Noticed Menkaure
  4658 | D:4      | Killed Menkaure
  4658 | D:4      | Reached skill level 1 in Stealth
  4928 | D:4      | Found an ancient bone altar of Kikubaaqudgha.
  5130 | D:4      | Found a staircase to the Ecumenical Temple.
  5215 | D:4      | Reached **** piety under Trog
  5279 | D:4      | Reached XP level 8. HP: 61/70 MP: 7/7
  5421 | D:5      | Entered Level 5 of the Dungeon
  5582 | D:5      | Reached skill level 1 in Throwing
  5582 | D:5      | Reached skill level 5 in Dodging
  5671 | D:5      | Reached skill level 5 in Staves
  5914 | D:5      | Noticed a moth of wrath
  5918 | D:5      | Found a bloodstained altar of Trog.
  6353 | D:5      | Found a white marble altar of Elyvilon.
  6476 | D:6      | Found Nomayll's Distillery.
  6526 | D:6      | Bought a potion of heal wounds for 70 gold pieces
  6677 | D:6      | Reached XP level 9. HP: 73/78 MP: 8/8
  6717 | D:6      | Noticed Eustachio
  6733 | D:6      | Killed Eustachio
  7086 | D:7      | Found Timnogu's Book Boutique.
  7106 | D:7      | Reached ***** piety under Trog
  8141 | D:7      | Found a blossoming altar of Fedhas.
  8706 | D:8      | Reached XP level 10. HP: 80/86 MP: 9/9
  8736 | D:8      | Noticed a manticore
  8740 | D:8      | Killed a manticore
  9071 | D:8      | Found a shimmering blue altar of Sif Muna.
  9071 | D:8      | Noticed a two-headed ogre
  9079 | D:8      | Slain by a two-headed ogre

Illustrated notes

Levels and vault maps discovered:
D:1:      dpeg_arrival_lava_temple_mockup, layout_basic,
          minmay_misc_feat_pillars, kennysheep_boxes
D:2:      layout_basic, first_ration, uniq_sigmund, uniq_crazy_yiuf_cottage
D:3:      layout_loops_ring, chequers_temple_overflow_minitemple,
          portal_sewer_entry_e
D:4:      layout_loops_ring, kennysheep_little_box,
          minmay_temple_entry_drinking_statues, uniq_menkaure, uniq_duvessa
D:5:      layout_rooms, tgw_trog, lemuel_round_altar
D:6:      layout_cave_pools, serial_shops, shop, uniq_eustachio
D:7:      layout_loops_cross, serial_shops, shop_coins, grunt_livestock,
          fedhas_ov_isle_minmay
D:8:      layout_loops_cross, overflow_temple_1_default

Skill      XL: |  1  2  3  4  5  6  7  8  9 10 |
---------------+-------------------------------+-----
Fighting       | 4 5 6 7 |  7.2
Axes           | 4 5 |  5.8
Armour         | 3 5 6 7 8 9 |  9.2
Dodging        | 3 4 5 6 |  6.7
Staves         | 2 4 6 9 |  9.8
Stealth        | 1 2 |  2.1
Throwing       | 2 3 |  3.3

Action                   |  1- 3 |  4- 6 |  7- 9 | 10-12 || total
-------------------------+-------+-------+-------+-------++-------
Melee: Hand axe          |    60 |    63 |       |       ||   123
       Headbutt          |     9 |    41 |    43 |     5 ||    98
       Quarterstaff      |       |   121 |   228 |       ||   349
       Battleaxe         |       |       |     6 |    21 ||    27
Throw: Stone             |       |     5 |    53 |     4 ||    62
  Use: Scroll            |       |     2 |       |       ||     2
  Eat: Chunk             |     1 |     9 |    16 |       ||    26
       Ration            |       |       |     1 |       ||     1
Armor: Animal skin       |     9 |     1 |       |       ||    10
       Ring mail         |       |    42 |    53 |       ||    95
       Chain mail        |       |       |    22 |     9 ||    31
Dodge: Dodged            |    48 |    93 |   140 |    16 ||   297
